 Dungeon Crawl Stone Soup version 0.28-a0-503-g83f2989fac (webtiles) character file.

Game seed: 10834626341602599582

27 Dabor the Sneak (level 2, 0/13 HPs)
             Began as a Spriggan Enchanter on Sept 20, 2021.
             Succumbed to an adder's poison
             ... on level 1 of the Dungeon.
             The game lasted 00:02:19 (1331 turns).

Dabor the Sneak (Spriggan Enchanter)                Turns: 1331, Time: 00:02:19

Health: 0/13       AC:  2    Str:  4    XL:     2   Next: 93%
Magic:  0/6        EV: 18    Int: 16    God:
Gold:   31         SH:  0    Dex: 15    Spells: 4/6 levels left

rFire   . . .      SeeInvis +   a - +1 dagger
rCold   . . .      Faith    .   (shield restricted)
rNeg    . . .      Spirit   .   b - +0 robe
rPois   .          Reflect  .   (helmet restricted)
rElec   .          Harm     .   (no cloak)
rCorr   .          Rampage  .   (gloves unavailable)
Will    .....                   (boots unavailable)
Stlth   +++.......              (no amulet)
HPRegen 0.04/turn               (no ring)
MPRegen 0.10/turn               (no ring)

@: lethally poisoned (0 -> -1), attractive, very slightly contaminated, very
quick
A: very small, no large weapons, unfitting armour, see invisible, speed 3
a: no special abilities


You were on level 1 of the Dungeon.
You visited 1 branch of the dungeon, and saw 2 of its levels.

You collected 31 gold pieces.

Inventory:

Hand Weapons
 a - a +1 dagger (weapon)
Armour
 b - a +0 robe (worn)
Jewellery
 e - an amulet of guardian spirit
Scrolls
 d - a scroll of identify {unknown}
 f - a scroll of fear {unknown}
 g - a scroll of amnesia {unknown}
Potions
 c - a potion of invisibility
 h - a potion of attraction


   Skills:
 + Level 0.1 Fighting
 * Level 1.6 Short Blades
 * Level 3.4 Dodging
 * Level 4.7 Stealth
 + Level 2.8 Spellcasting
 + Level 3.7 Hexes
 * Level 0.6 Ice Magic


You had 4 spell levels left.
You knew the following spells:

 Your Spells              Type           Power      Damage    Failure   Level
a - Ensorcelled Hibernat  Hex/Ice        18%        N/A       12%         2

Your spell library contained the following spells:

 Spells                   Type           Power      Damage    Failure   Level
 Confusing Touch          Hex            14%        N/A       12%         3
 Tukima's Dance           Hex            14%        N/A       12%         3
 Dazzling Flash           Conj/Hex       16%        N/A       26%         3
 Sublimation of Blood     Necr           1%         N/A       28%         2
 Wereblood                Tmut           2%         N/A       28%         2
 Dispersal                Tloc           1%         N/A       100%        6
 Summon Hydra             Summ           1%         N/A       100%        7
 Disjunction              Tloc           1%         N/A       100%        8


Dungeon Overview and Level Annotations

Branches:
Dungeon (2/15)

Altars:

Shops:
D:1 !


Innate Abilities, Weirdness & Mutations

You are very small and have problems with some larger weapons.
You are too small for most types of armour.
You have supernaturally acute eyesight. (SInv)
You cover ground extremely quickly. (Speed+++)


Message History

(D) Dungeon
Where to? (? - help)
You see here a +0 whip.
There is a stone staircase leading down here.
You climb downwards.
Found 2 glowing puce potions.
There is a stone staircase leading up here.
There are monsters nearby!
The helpless worm fails to defend itself.
You puncture the worm!
The worm is almost dead.
The adder hisses angrily.
You barely miss the worm.
The worm is almost dead.
The worm closely misses you.
You hit the worm but do no damage.
The worm is almost dead.
You hit the worm.
You kill the worm!
You barely miss the adder. The adder closely misses you.
The adder resists with some effort.
The adder closely misses you. The adder barely misses you.
The adder resists with some effort.
The adder bites you.
You miscast Ensorcelled Hibernation.
You are very lightly contaminated with residual magic.
Nothing appears to happen.
The adder barely misses you. The adder closely misses you. The adder bites you.
You are lethally poisoned!
The adder poisons you!
You climb upwards.
You feel sick.
There is a stone staircase leading down here.
* * * LOW HITPOINT WARNING * * *
You feel sick.
It was a potion of attraction.
You feel attractive to monsters.
* * * LOW HITPOINT WARNING * * *
You feel sick. The adder barely misses you.
* * * LOW HITPOINT WARNING * * *
You feel sick. The adder is attracted toward you.
You die...

.....#.#................#
##.......#...#####.###..######
.#.......#...# #.#.........#
##.......####### #.#.#..####.#
##.#.#.........# #.#......##.#
##...#.#.#####.###.#.####.##.#
.....#.#.#.....#.......##.##.#
.......#.#.....#.#.###.##.##.#
..######.#.....#@#.....##.##.#
..##...........#.########....#
..##...........#S##.....######
...............#ยง##.###.#...#
#..............#.>..# #.#.#.#
#..........###.########.#.#.#
#.##............).......#.#.#
#.##.......##..#.########.#.#
#.##.......##..#..........#.#


You could see an adder.

Vanquished Creatures
  A worm (D:2)
  A bat (D:1)
  2 endoplasms (D:1)
  4 goblins (D:1)
  3 hobgoblins (D:1)
  3 jackals (D:1)
  A kobold (D:1)
  A quokka (D:1)
  4 ball pythons (D:1)
  A rat (D:1)
21 creatures vanquished.

Notes
Turn   | Place    | Note
-------+----------+-------------------------------------------
     0 | D:1      | Dabor the Spriggan Enchanter began the quest for the Orb.
     0 | D:1      | Reached XP level 1. HP: 9/9 MP: 5/5
   394 | D:1      | Reached XP level 2. HP: 10/13 MP: 6/6
   397 | D:1      | Learned a level 2 spell: Ensorcelled Hibernation
   551 | D:1      | Found Noce's Distillery.
  1331 | D:1      | Succumbed to an adder's poison

Illustrated notes

Levels and vault maps discovered:
D:1:      psy_arrival_dodecagon, layout_basic, serial_shops, shop,
          kennysheep_minor_cross
D:2:      layout_basic, hellmonk_ecumenical_altar_the_god_not_taken,
          minmay_domino_2

Skill      XL: |  1 |
---------------+----+-----
Dodging        | 3 |  3.4
Fighting       | |  0.1
Short Blades   | |  1.6
Stealth        | |  4.7
Spellcasting   | |  2.8
Hexes          | |  3.7
Ice Magic      | |  0.6

Action                   || total
-------------------------++-------
Melee: Dagger            ||    71
 Cast: Ensorcelled Hiber ||     7
  Use: Potion            ||     1
 Stab: Sleeping          ||    12
Armor: Robe              ||     5
Dodge: Dodged            ||    50

Table legend: (Time is in decaauts)
 A = Elapsed time spent in this place.
 B = Non-inter-level travel time spent in this place.
 C = Inter-level travel time spent in this place.
 D = Time resting spent in this place.
 E = Time spent auto-exploring this place.
 F = Levels seen in this place.
 G = Mean time per level.
                   A        B        C        D        E       F      G
               +--------+--------+--------+--------+--------+-----+--------+
         Total |    987 |    950 |     37 |     74 |    726 |   2 |  493.5 |
       Dungeon |    987 |    950 |     37 |     74 |    726 |   2 |  493.5 |
               +--------+--------+--------+--------+--------+-----+--------+

Top non-repeatable levels by time:
     D:1: 978 daAuts
     D:2: 9 daAuts
